Map: Ruby Rock LE

Players

DnS

  • Race: Protoss Protoss
  • Spawn Location: 11:00

A.I. 1 (Very Easy) - Winner!

  • Race: Zerg Zerg
  • Spawn Location: 5:00

VOD

Have the link to the VOD?

Description

Time

  • Played on: April 22, 2026, 12:41 p.m.
  • Length: 9:35
Show
View Real Time Build Order
Export as new Build Order

DnS Protoss 

Build Orders: 1 Gate Expand, Oracle Opening, Archon Immortal, Archon Drop 

Get SALT Encoding   

  12  0:00  Probe  
  13  0:12  Probe  
  14  0:19  Pylon  
  14  0:24  Probe  
  15  0:33  Probe  
  15  0:40  Gateway  
  15  0:41  Probe  
  16  0:46  Assimilator  
  17  0:51  Probe  
  18  1:03  Probe  
  19  1:15  Probe  
  20  1:23  Nexus  
  20  1:33  Cybernetics Core  
  20  1:37  Probe  
  21  1:45  Assimilator  
  21  1:49  Probe  
  21  1:52  Pylon  
  22  2:00  Probe  
  23  2:08  Probe  
  23  2:12  Adept  
  26  2:16  Stargate, Probe  
  27  2:24  Warp Gate  
  27  2:27  Probe  
  28  2:31  Probe  
  29  2:39  Probe x2  
  31  2:44  Adept  
  31  2:49  Probe, Oracle  
  33  2:51  Probe  
  35  3:01  Probe  
  35  3:03  Probe  
  40  3:09  Gateway  
  40  3:13  Probe  
  40  3:14  Adept  
  40  3:16  Probe  
  40  3:19  Pylon  
  44  3:25  Probe  
  44  3:27  Oracle  
  45  3:28  Probe  
  46  3:38  Probe, Assimilator  
  46  3:40  Probe, Assimilator  
  51  3:49  Twilight Council  
  51  3:50  Probe  
  51  3:51  Forge  
  51  3:52  Probe  
  53  3:57  Pylon  
  53  4:02  Probe  
  54  4:08  Protoss Ground Weapons Level 1  
  54  4:12  Robotics Facility  
  54  4:15  Probe x2  
  54  4:16  Charge  
  56  4:26  Gateway x2  
  56  4:30  Gateway  
  56  4:34  Gateway  
  56  4:48  Probe  
  56  4:49  Templar Archives  
  57  4:54  Warp Prism  
  57  5:00  Nexus, Pylon  
  59  5:09  Probe x2  
  61  5:17  Pylon  
  61  5:21  Probe x2  
  63  5:34  Probe  
  63  5:35  Probe  
  65  5:40  High Templar x4  
  65  5:41  Zealot x2  
  77  5:45  Pylon x2, Archon x2  
  77  5:55  Protoss Ground Weapons Level 2  
  77  5:57  Probe  
  77  6:03  Shield Battery, Probe  
  79  6:12  Zealot x4  
  79  6:13  Zealot x2  
  79  6:15  Probe x2  
  79  6:17  Observer  
  93  6:25  Probe  
  93  6:27  Probe x2  
  93  6:31  Immortal  
  95  6:39  Probe  
  101  6:41  Probe  
  101  6:42  Assimilator  
  101  6:44  Assimilator  
  102  6:50  Gateway x2  
  102  6:53  Probe, Pylon  
  103  6:54  Pylon  
  103  6:56  Probe  
  103  6:58  Probe, Psionic Storm  
  103  7:00  Immortal  
  104  7:10  Probe  
  109  7:20  High Templar  
  109  7:21  High Templar x2, Zealot x3  
  121  7:23  Photon Cannon  
  121  7:27  Photon Cannon  
  121  7:30  Photon Cannon  
  121  7:31  Pylon, Immortal  
  121  7:42  Nexus  
  125  7:53  High Templar x3  
  125  7:55  Zealot  
  133  8:00  Pylon  
  133  8:02  Pylon  
  133  8:04  Pylon  
  133  8:07  Pylon  
  133  8:09  Pylon  
  133  8:10  Pylon  
  133  8:18  Immortal, High Templar  
  133  8:19  High Templar  
  141  8:20  Zealot  
  141  8:21  Zealot x2  
  141  8:22  Archon  
  147  8:45  Zealot x6  
  159  9:09  Fleet Beacon  
  159  9:10  Stargate  
  159  9:17  Zealot  
  159  9:18  Zealot x6  
Show
View Real Time Build Order
Export as new Build Order

A.I. 1 (Very Easy) Zerg - Winner!

Build Orders: Hatch First 

Get SALT Encoding   

  12  0:01  Drone  
  13  0:12  Overlord  
  13  0:16  Drone  
  14  0:41  Hatchery  
  13  0:43  Drone  
  14  1:00  Spawning Pool  
  14  1:02  Extractor  
  12  1:04  Drone  
  13  1:12  Drone  
  13  1:17  Overlord  
  14  1:47  Queen, Zergling x2  
  14  1:50  Zergling x2  
  18  2:00  Roach Warren  
  17  2:04  Drone  
  17  2:08  Extractor  
  17  2:11  Drone  
  18  2:16  Zergling x2  
  18  2:20  Drone  
  20  2:27  Drone  
  21  2:34  Drone  
  22  2:42  Drone  
  23  2:49  Drone  
  24  2:56  Drone  
  25  3:03  Drone  
  26  3:06  Roach  
  26  3:08  Overlord  
  28  3:13  Drone  
  29  3:20  Drone  
  30  3:27  Drone  
  31  3:34  Drone  
  32  3:41  Drone  
  32  3:44  Overlord  
  33  3:49  Drone  
  33  3:52  Lair  
  34  3:56  Drone  
  34  3:57  Roach  
  37  4:03  Drone  
  38  4:10  Drone  
  39  4:17  Drone  
  40  4:24  Drone  
  40  4:26  Overlord  
  41  4:32  Drone  
  42  4:39  Drone  
  36  4:46  Drone  
  36  4:48  Roach  
  36  4:50  Overseer x2  
  39  4:53  Drone  
  40  5:01  Drone  
  40  5:07  Extractor  
  40  5:08  Drone  
  41  5:15  Drone  
  42  5:21  Extractor  
  42  5:22  Drone  
  42  5:29  Drone  
  43  5:36  Drone  
  43  5:39  Roach  
  46  5:44  Drone  
  47  5:51  Drone  
  48  5:58  Drone  
  49  6:05  Drone  
  50  6:12  Drone  
  51  6:20  Drone  
  51  6:23  Roach  
  51  6:25  Overlord, Queen  
  47  6:27  Drone  
  41  6:34  Drone  
  41  6:35  Overseer  
  31  6:41  Drone  
  32  6:48  Drone  
  32  6:52  Roach  
  35  6:55  Drone  
  36  7:03  Drone  
  37  7:10  Drone  
  38  7:17  Drone  
  38  7:20  Roach  
  41  7:24  Drone  
  42  7:32  Drone  
  43  7:39  Drone  
  44  7:46  Drone  
  44  7:49  Roach  
  47  7:53  Drone  
  48  8:00  Drone  
  49  8:08  Drone  
  50  8:39  Zergling x2  
  51  9:17  Zergling x2  
  51  9:22  Overseer, Drone  
Tags
 
Add a new tag
Caveats
  • Supply blocks, unpowered buildings, or Contaminate may cause inaccurate times.
  • Supply counts are checked every 10 seconds.